 Dungeon Crawl Stone Soup version 0.17-a0-777-g32247ce (webtiles) character file.

11925 namelastname112 the Slicer (level 11, -12/92 HPs)
             Began as a Black Draconian Artificer on Apr 25, 2015.
             Was the Champion of Zin.
             Mangled by Rupert
             ... wielding a +3 great sword of holy wrath
              (25 damage)
             ... on level 2 of the Orcish Mines.
             The game lasted 00:50:21 (20018 turns).

namelastname112 the Slicer (DrAr)                  Turns: 20018, Time: 00:50:21

Health: -12/92     AC:  9    Str: 13    XL:     11   Next: 55%
Magic:  16/16      EV: 16    Int: 13    God:    Zin [******]
Gold:   967        SH:  0    Dex: 17    Spells: 0 memorised, 10 levels left

rFire  . . .     SeeInvis .     a - +3 dagger (elec)
rCold  . . .     Clarity  .     (armour unavailable)
rNeg   . . .     SustAb   .     (no shield)
rPois  .         Gourm    .     (helmet restricted)
rElec  +         Spirit   .     (no cloak)
rCorr  .         Warding  .     (no gloves)
rMut   .         Stasis   .     j - +1 pair of boots
MR     .....                    L - amulet of faith
Stlth  ++++......               (no ring)
                                v - +2 ring of dexterity

@: short of breath, not resistant to hostile enchantments, stealthy
A: breathe lightning, unfitting armour, electricity resistance, cold-blooded, AC
+7
a: Breathe Lightning, Recite, Vitalisation, Imprison, Sanctuary, Cure All
Mutations, Renounce Religion


You were on level 2 of the Orcish Mines.
You worshipped Zin.
Zin was exalted by your worship.
You were hungry.

You visited 3 branches of the dungeon, and saw 16 of its levels.
You also visited: Ossuary.

You collected 1291 gold pieces.
You spent 217 gold pieces at shops.
You donated 107 gold pieces to Zin.

Inventory:

Hand weapons
 a - a +3 dagger of electrocution (weapon)
 b - a +1 dagger of venom
 d - a +3 quick blade
 m - a +0 blowgun
 H - the +8 dagger of Winter {venom, rElec rPois Str-3}
   (You bought it in a shop on level 4 of the Dungeon)

   It poisons the flesh of those it strikes.
   It affects your strength (-3).
   It insulates you from electricity.
   It protects you from poison.
Missiles
 u - a throwing net (quivered)
Armour
 j - a +1 pair of boots (worn)
Jewellery
 v - a +2 ring of dexterity (left hand)
 L - an amulet of faith (around neck)
Magical devices
 c - a wand of enslavement (11)
 l - a wand of flame (1)
 n - a wand of frost (42)
 s - a wand of slowing (23)
 E - a wand of magic darts (2)
 F - a wand of heal wounds (4)
Scrolls
 f - 2 scrolls of magic mapping
 p - 5 scrolls of identify
 x - 2 scrolls of recharging
 y - a scroll of remove curse
 B - a scroll of enchant weapon
 J - a scroll of amnesia
Potions
 g - a potion of degeneration {unknown}
 h - 3 potions of restore abilities {unknown}
 i - 2 potions of ambrosia {unknown}
 k - a potion of beneficial mutation {unknown}
 q - 3 potions of magic
 t - 5 potions of brilliance
 w - a potion of heal wounds
 z - a potion of cancellation {unknown}
 A - a potion of might {unknown}
 D - 3 potions of curing {unknown}
 I - a potion of lignification {unknown}
Books
 K - a book of Party Tricks

   Spells                             Type                      Level
   a - Summon Butterflies             Summoning                    1
   b - Apportation                    Translocation                1
   c - Tukima's Dance                 Hexes                        3
   d - Alistair's Intoxication        Transmutation/Poison         4
   e - Invisibility                   Hexes                        6
Comestibles
 e - 6 bread rations
 r - 4 meat rations
 G - 5 slices of pizza


   Skills:
 - Level 7.6 Fighting
 * Level 9.6 Short Blades
 - Level 6.3 Dodging
 + Level 8.5 Stealth
 * Level 7.5 Invocations
 - Level 7.2 Evocations


You had 10 spell levels left.
You didn't know any spells.

Dungeon Overview and Level Annotations

Branches:
Dungeon (12/15)            Temple (1/1) D:4            Lair (0/8) D:10
    Orc (3/4) D:9
    Elf: Orc:3-4

Altars:
Ashenzari
Cheibriados
Dithmenos
Elyvilon
Fedhas
Gozag
Kikubaaqudgha
Makhleb
Nemelex Xobeh
Okawaru
Qazlal
Ru
Sif Muna
Trog
Vehumet
Xom
Yredelemnul
Zin
The Shining One
Beogh

Shops:
D:4 *   D:8 [

Annotations:
D:3 exclusion: oklob plant
D:8 4thArraOfDagon's ghost, experienced DgAr; Gastronok
D:12 Kirke
Orc:2 Rupert


Innate Abilities, Weirdness & Mutations

You can breathe wild blasts of lightning.
Your glossy black scales are hard (AC +7).
Your body does not fit into most forms of armour.
You are resistant to electric shocks.
You are cold-blooded and may be slowed by cold attacks.


Message History

The orc wizard hits you but does no damage.
The goblin moves out of view.
You hit Rupert but do no damage.
Rupert is severely wounded.
The orc wizard closely misses you.
You hit Rupert but do no damage. You tail-slap Rupert.
Rupert is severely wounded.
Rupert hits you with a great sword of holy wrath!
The orc hits you with a dagger.
Drink which item? (? for menu, Esc to quit)
You feel much better.
The goblin shouts!
The orc wizard hits you but does no damage.
Rupert hits you with a great sword of holy wrath!!!
* * * LOW HITPOINT WARNING * * *
The orc closely misses you. The goblin barely misses you.
Use which ability? (? or * to list)
You fail to use your ability.
Rupert hits you with a great sword of holy wrath!!
You die...

... ........#
...........
..........g..
##......o.o...#
#..............
#............(
##....o.........
#......@...((...
##....g@o(......
###...>........
#..)........#.
#.............
#..............
##.#...........
###.....#....
..........


You could see Rupert (berserk), an orc wizard, 3 orcs and 2 goblins.

Vanquished Creatures
  2 unseen horrors
  A hill giant (D:11)
  Pikel (D:7)
  An orc knight (Orc:3)
  A cyclops (D:11)
  A gargoyle (D:11)
  Prince Ribbit (D:5)
  5 yaks
  A wyvern (D:8)
  Eustachio (D:5)
  A deep elf fighter (D:11)
  A human (D:7)
  A warg (D:9)
  A hippogriff (D:9)
  Duvessa (D:7)
  A slave (D:7)
  A black bear (D:6)
  13 orc warriors
  An eye of draining (D:11)
  3 sky beasts
  2 phantoms
  An ice beast (D:10)
  16 ogres
  3 centaurs
  5 giant frogs
  A big kobold (D:11)
  Dowan (D:7)
  A gnoll sergeant (D:5)
  3 killer bees (D:8)
  A scorpion (D:9)
  2 giant frog zombies
  7 crimson imps
  4 gnoll shamans (D:5)
  12 orc priests
  4 hounds
  A jelly (D:6)
  13 orc wizards
  A quasit (D:10)
  A centaur skeleton (D:8)
  4 iguanas
  Natasha (thrice) (D:3)
  9 worker ants
  6 sheep
  A hound zombie (D:6)
  2 mummies (Ossuary)
  A worker ant zombie (D:11)
  34 gnolls
  16 adders
  4 shadow imps
  2 adder skeletons (D:9)
  An adder zombie (D:5)
  4 worms
  5 giant geckos
  97 orcs
  A bat skeleton (D:8)
  8 giant cockroaches
  29 goblins
  16 hobgoblins
  27 jackals
  26 kobolds
  4 ball pythons
  16 bats
  13 giant newts
  A giant spore (D:10)
  4 gnoll skeletons (Ossuary)
  4 gnoll zombies (Ossuary)
  3 goblin skeletons (Ossuary)
  2 goblin zombies (Ossuary)
  A hobgoblin skeleton (Ossuary)
  3 hobgoblin zombies (Ossuary)
  A jackal skeleton (D:6)
  A jackal zombie (D:7)
  A kobold skeleton (Ossuary)
  2 kobold zombies (Ossuary)
  An orc skeleton (Ossuary)
  2 orc zombies (Ossuary)
  5 quokkas
  A quokka skeleton (D:9)
  A quokka zombie (D:8)
  9 rats
  3 rat skeletons (Ossuary)
  A rat zombie (Ossuary)
  2 ballistomycetes (D:10)
495 creatures vanquished.

Vanquished Creatures (collateral kills)
  A gnoll (D:5)
1 creature vanquished.

Vanquished Creatures (others)
  A yak (D:7)
  3 slaves (D:7)
  A hog (D:12)
  Menkaure (Ossuary)
  A warg (Orc:3)
  An orc warrior (D:8)
  An orc wizard (D:7)
  A mummy (Ossuary)
  A gnoll (D:5)
  A ball python (D:1)
  2 gnoll zombies (Ossuary)
  A kobold (D:7)
  A giant spore (D:12)
  A gnoll skeleton (Ossuary)
  2 goblin skeletons (Ossuary)
  A goblin zombie (Ossuary)
  2 hobgoblin skeletons (Ossuary)
  A hobgoblin zombie (Ossuary)
  5 kobold skeletons (Ossuary)
  3 kobold zombies (Ossuary)
  An orc skeleton (Ossuary)
  3 orc zombies (Ossuary)
  A rat skeleton (Ossuary)
  A rat zombie (Ossuary)
  8 toadstools (D:3)
45 creatures vanquished.

Grand Total: 541 creatures vanquished

Notes
Turn   | Place    | Note
--------------------------------------------------------------
     0 | D:1      | namelastname112, the Draconian Artificer, began the quest for the Orb.
     0 | D:1      | Reached XP level 1. HP: 16/16 MP: 3/3
    10 | D:1      | Reached skill level 1 in Stealth
    28 | D:1      | Found a sparkling altar of Nemelex Xobeh.
    94 | D:1      | Reached XP level 2. HP: 17/23 MP: 4/4
   671 | D:1      | Reached XP level 3. HP: 14/29 MP: 5/5
  1603 | D:2      | Reached XP level 4. HP: 29/36 MP: 6/6
  2113 | D:3      | Noticed Natasha
  2115 | D:3      | Killed Natasha
  2348 | D:2      | Reached XP level 5. HP: 24/42 MP: 7/7
  2785 | D:3      | Noticed Natasha
  2827 | D:3      | Killed Natasha
  2904 | D:3      | Noticed Natasha
  2905 | D:3      | Killed Natasha
  2990 | D:3      | Found a blossoming altar of Fedhas.
  3004 | D:3      | Noticed an oklob plant
  3824 | D:4      | Reached skill level 4 in Evocations
  4170 | D:4      | Found a staircase to the Ecumenical Temple.
  4238 | Temple   | Entered the Ecumenical Temple
  4401 | D:4      | Found Saemeiv's Assorted Antiques.
  4506 | D:4      | Reached XP level 6. HP: 41/51 MP: 9/9
  4887 | D:5      | Entered Level 5 of the Dungeon
  5061 | D:5      | Noticed Prince Ribbit
  5075 | D:5      | Killed Prince Ribbit
  5075 | D:5      | Your scales start taking on a glossy black colour.
  5075 | D:5      | Gained mutation: You are resistant to electric shocks. [Black Draconian growth]
  5075 | D:5      | Reached XP level 7. HP: 50/58 MP: 10/10
  5692 | D:5      | Noticed Eustachio
  5860 | D:5      | Killed Eustachio
  6142 | D:5      | Reached skill level 5 in Evocations
  6142 | D:5      | Reached XP level 8. HP: 29/67 MP: 11/11
  6961 | D:6      | Reached skill level 5 in Fighting
  7298 | D:6      | Reached skill level 5 in Short Blades
  7354 | D:6      | Reached skill level 5 in Stealth
  7409 | D:6      | Found a radiant altar of Vehumet.
  7867 | D:6      | Reached XP level 9. HP: 35/75 MP: 13/13
  8160 | D:7      | Found a sand-covered staircase.
  8166 | Ossuary  | Entered an ossuary
  8346 | Ossuary  | Killed Menkaure
  8570 | Ossuary  | Reached skill level 5 in Dodging
  8726 | D:7      | Found a sacrificial altar of Ru.
  8745 | D:7      | Noticed Duvessa
  8750 | D:7      | Noticed Dowan
  8810 | D:7      | Killed Duvessa
  8825 | D:7      | Killed Dowan
  8849 | D:7      | Reached skill level 6 in Fighting
 10253 | D:7      | Noticed Pikel
 10279 | D:7      | Killed Pikel
 10319 | D:7      | Reached skill level 7 in Fighting
 10501 | D:4      | Bought a smoking dagger for 217 gold pieces
 10501 | D:4      | Identified the +8 dagger of Winter {venom, rElec rPois Str-3} (You bought it in a shop on level 4 of the Dungeon)
 10914 | D:5      | Reached XP level 10. HP: 77/86 MP: 15/15
 11336 | D:8      | Found a bloodstained altar of Trog.
 11407 | D:8      | Noticed 4thArraOfDagon's ghost (experienced DgAr)
 11691 | D:8      | Found an ancient bone altar of Kikubaaqudgha.
 11730 | D:8      | Found an opulent altar of Gozag.
 11731 | D:8      | Found a glowing silver altar of Zin.
 11746 | D:8      | Became a worshipper of Zin the Law-Giver
 11746 | D:8      | Acquired Zin's first power
 11802 | D:8      | Noticed Gastronok
 12040 | D:8      | Found Vuivery's Armour Shoppe.
 12362 | D:8      | Reached skill level 1 in Invocations
 14110 | D:9      | You fall through a shaft for 3 floors!
 14110 | D:12     | Noticed Kirke
 14274 | D:11     | Noticed a five-headed hydra
 14321 | D:11     | Killed an unseen horror
 14927 | D:11     | Reached skill level 8 in Short Blades
 15105 | D:11     | Noticed a hill giant
 15211 | D:11     | Acquired Zin's second power
 15431 | D:11     | Noticed a cyclops
 15439 | D:11     | Noticed a hill giant
 15490 | D:11     | Killed a hill giant
 15490 | D:11     | Reached skill level 5 in Invocations
 15490 | D:11     | Reached XP level 11. HP: 56/92 MP: 16/16
 15512 | D:11     | Killed a cyclops
 16053 | D:10     | Entered Level 10 of the Dungeon
 16274 | D:10     | Found a staircase to the Lair.
 16663 | D:10     | Acquired Zin's third power
 16960 | D:10     | Killed an unseen horror
 16960 | D:10     | Reached skill level 9 in Short Blades
 17575 | D:9      | Found a staircase to the Orcish Mines.
 17731 | D:9      | Found a shattered altar of Ashenzari.
 17891 | Orc:1    | Entered Level 1 of the Orcish Mines
 18140 | Orc:2    | Acquired Zin's fourth power
 18688 | Orc:1    | Found a roughly hewn altar of Beogh.
 19710 | Orc:3    | Identified a scroll of acquirement
 19985 | Orc:2    | Noticed Rupert
 20018 | Orc:2    | Mangled by Rupert

Action                   |  1- 3 |  4- 6 |  7- 9 | 10-12 || total
-------------------------+-------+-------+-------+-------++-------
Melee: Short sword       |   180 |    58 |       |       ||   238
       Dagger            |       |   205 |   737 |   830 ||  1772
 Fire: Blowgun           |       |       |       |    20 ||    20
Throw: Throwing net      |       |       |       |     1 ||     1
Invok: Recite            |       |       |       |    27 ||    27
 Abil: Breathe Lightning |       |       |     7 |     2 ||     9
Evoke: Wand              |     2 |    13 |     1 |    11 ||    27
  Use: Scroll            |       |       |    12 |    16 ||    28
       Potion            |       |       |       |     4 ||     4
 Stab: Sleeping          |       |     2 |     3 |    14 ||    19
       Distracted        |       |     1 |     3 |     2 ||     6
       Invisible         |       |       |       |    10 ||    10
       Paralysed         |       |       |       |     4 ||     4
       Confused          |       |       |       |     2 ||     2
       Held in net/web   |       |       |       |     1 ||     1
  Eat: Chunk             |     2 |     9 |    12 |     7 ||    30
       Beef jerky        |       |     1 |       |     3 ||     4
       Royal jelly       |       |       |     1 |       ||     1
       Pizza             |       |       |     2 |     2 ||     4
       Bread ration      |       |       |     1 |     1 ||     2
       Meat ration       |       |       |       |     2 ||     2
